 Dungeon Crawl Stone Soup version 0.28-a0-726-g4a9143789a (webtiles) character file.

Game seed: 17843358505711498560

5379 ytrimaz the Cleaver (level 10, 91/91 (94) HPs)
             Began as a Minotaur Berserker on Oct 27, 2021.
             Was an Elder of Trog.
             Quit the game on level 8 of the Dungeon.
             The game lasted 00:10:32 (9720 turns).

ytrimaz the Cleaver (Minotaur Berserker)            Turns: 9720, Time: 00:10:32

HP:   91/91 (94)    AC: 15    Str: 24    XL:     10   Next: 39%
MP:   9/9           EV:  8    Int:  4    God:    Trog [****..]
Gold: 187           SH:  0    Dex: 17    Spells: 9/9 levels left

rFire   . . .      SeeInvis .   o - +0 war axe (freeze)
rCold   . . .      Faith    .   (no shield)
rNeg    . . .      Spirit   +   v - +0 plate armour
rPois   .          Reflect  .   (helmet restricted)
rElec   .          Harm     .   (no cloak)
rCorr   .          Rampage  .   e - +0 pair of gloves
Will    .....                   j - +1 pair of boots
Stlth   ..........              w - amulet of guardian spirit
HPRegen 0.25/turn               f - +6 ring of dexterity
MPRegen 0.11/turn               (no ring)

@: studying Bows, lightly drained
A: horns 2, retaliatory headbutt
a: Renounce Religion, Berserk, Trog's Hand, Brothers in Arms


You were on level 8 of the Dungeon.
You worshipped Trog.
Trog was greatly pleased with you.
You visited 3 branches of the dungeon, and saw 10 of its levels.

You collected 304 gold pieces.
You spent 117 gold pieces at shops.

Inventory:

Hand Weapons
 o - a +0 war axe of freezing (weapon)
 s - a +3 hand axe
Armour
 e - a +0 pair of gloves (worn)
 j - a +1 pair of boots (worn)
 p - a +0 kite shield
 v - a +0 plate armour (worn)
Jewellery
 f - a +6 ring of dexterity (left hand)
 w - an amulet of guardian spirit (around neck)
Wands
 b - a wand of flame (33)
 x - a wand of polymorph (8)
 y - a wand of iceblast (8)
Scrolls
 a - a scroll of identify
 h - a scroll of brand weapon
 k - a scroll of holy word
 q - a scroll of teleportation
 u - 2 scrolls of magic mapping
Potions
 c - 4 potions of lignification
 d - 4 potions of curing
 g - a potion of berserk rage {unknown}
 l - 2 potions of resistance
 m - a potion of invisibility {unknown}
 n - a potion of might {unknown}
 r - a potion of ambrosia {unknown}
 t - a potion of cancellation {unknown}
 z - 2 potions of haste


   Skills:
 * Level 10.3 Fighting
 * Level 13.8 Axes
 + Level 1.0 Throwing
 + Level 5.1 Armour
 - Level 3.0 Dodging
 * Level 5.9 Shields


You had 9 spell levels left.
You didn't know any spells.
Your spell library was empty.

Dungeon Overview and Level Annotations

Branches:
Dungeon (8/15)             Temple (1/1) D:6            Lair (1/6) D:8

Altars:
Ashenzari
Cheibriados
Elyvilon
Fedhas
Hepliaklqana
Kikubaaqudgha
Makhleb
Nemelex Xobeh
Okawaru
Qazlal
Ru
Sif Muna
Trog
Uskayaw
Vehumet
Wu Jian
Xom
Yredelemnul
Zin
The Shining One

Shops:
D:1 [

Annotations:
D:5 3 runed translucent doors, Shploik's ghost, amateur GnCK


Innate Abilities, Weirdness & Mutations

You have a pair of horns on your head.
You reflexively headbutt those who attack you in melee.


Message History

Press: ? - help, v - describe, . - travel A stone staircase leading up.
You can't go down here!
You can't go down here!
You climb upwards.
There is a stone staircase leading down here.
You climb downwards.
Level annotation: 3 runed translucent doors, Shploik's ghost, amateur GnCK
There is a stone staircase leading up here.
Press: ? - help, v - describe, . - travel A stone staircase leading up.
You can't go down here!
You can't go down here!
Unknown command.
You can't go down here!
There is a stone staircase leading down here.
You climb downwards.
There is a stone staircase leading up here.
You climb upwards.
Level annotation: 3 runed translucent doors, Shploik's ghost, amateur GnCK
There is a stone staircase leading down here.
There is an escape hatch in the floor here.
You slide downwards.
The hatch slams shut behind you.
There is a staircase to the Ecumenical Temple here.
You climb downwards.
Welcome back to the Ecumenical Temple!
There is a staircase back to the Dungeon here.
You climb upwards.
Welcome back to the Dungeon!
There is a staircase to the Ecumenical Temple here.
There is a stone staircase leading down here.
You climb downwards.
There is a stone staircase leading up here.
There is a stone staircase leading down here.
You climb downwards.
There is a stone staircase leading up here.
Are you sure you want to abandon this character and quit the game? (Confirm with "yes".)
Okay, then.
Unknown command.
Unknown command.
Unknown command.
Are you sure you want to abandon this character and quit the game? (Confirm with "yes".)

.# #.####
.#######....#######
....(.............#
.##########..####|####
.......## #..#.......#
........# #..#.......#
..####..# #..#.......###
..####..# #............#
.....#:.####....@....#.#
#.##.....!...........#.#
#.####..####.#.......#.#
##......# #.#..#.####.#
.#.###.## #.#..#.####.#
...# #.# #.#..#.#....#
_..# #.# #......#)####
...# #.# ###..###.#
.#####.#######..# #.#


There were no monsters in sight!

Vanquished Creatures
  A two-headed ogre (D:6)
  A skeletal warrior (D:6)
  Pikel (D:8)
  A shadow (D:6)
  A yak (D:8)
  5 water moccasins
  7 black bears
  An orc warrior (D:8)
  An ice beast (D:5)
  2 necrophages (D:4)
  2 lemures (D:8)
  A phantom (D:6)
  5 bullfrogs
  6 scorpions
  A water moccasin skeleton (D:4)
  9 wights
  2 howler monkeys (D:8)
  2 centaur zombies
  A bullfrog zombie (D:6)
  3 hounds
  An orc priest (D:6)
  A jelly (D:6)
  A bullfrog skeleton (D:6)
  3 iguanas (D:5)
  Jessica (D:3)
  3 orc wizards
  Ijyb (D:5)
  2 killer bee zombies
  A howler monkey zombie (D:6)
  7 adders
  3 gnolls (D:5)
  2 shadow imps
  2 white imps
  2 worms (D:2)
  2 dart slugs (D:2)
  10 orcs
  16 ball pythons
  4 bats
  4 endoplasms
  4 giant cockroaches
  7 hobgoblins
  2 jackals (D:1)
  2 quokkas
  10 frilled lizards
  8 goblins
  7 kobolds
  3 rats
162 creatures vanquished.

Vanquished Creatures (others)
  40 fungi (D:8)
  44 plants
84 creatures vanquished.

Grand Total: 246 creatures vanquished

Notes
Turn   | Place    | Note
-------+----------+-------------------------------------------
     0 | D:1      | ytrimaz the Minotaur Berserker began the quest for the Orb.
     0 | D:1      | Reached XP level 1. HP: 19/19 MP: 0/0
   425 | D:1      | Reached XP level 2. HP: 23/27 MP: 1/1
   895 | D:1      | Reached skill level 4 in Axes
  1074 | D:1      | Found Tauxkid's Antique Armour Shoppe.
  1144 | D:1      | Reached XP level 3. HP: 34/34 MP: 2/2
  1144 | D:1      | Reached ** piety under Trog
  1805 | D:2      | Reached skill level 5 in Fighting
  1805 | D:2      | Reached XP level 4. HP: 33/42 MP: 3/3
  2086 | D:2      | Found a broken altar of Ashenzari.
  2689 | D:3      | Noticed Jessica
  2696 | D:3      | Found a shimmering blue altar of Sif Muna.
  2703 | D:3      | Killed Jessica
  3278 | D:4      | Reached XP level 5. HP: 48/48 MP: 4/4
  3298 | D:4      | Noticed a necrophage
  3304 | D:4      | Killed a necrophage
  3305 | D:4      | Reached skill level 5 in Axes
  3371 | D:4      | Noticed a black bear
  3380 | D:4      | Reached XP level 6. HP: 57/57 MP: 5/5
  3381 | D:4      | Reached skill level 6 in Axes
  3381 | D:4      | Reached skill level 1 in Shields
  3515 | D:4      | Reached *** piety under Trog
  3516 | D:4      | Reached skill level 7 in Axes
  3553 | D:4      | Reached XP level 7. HP: 59/64 MP: 6/6
  4006 | D:5      | Entered Level 5 of the Dungeon
  4253 | D:5      | Noticed Ijyb
  4263 | D:5      | Noticed Shploik's ghost (amateur GnCK)
  4265 | D:5      | Killed Ijyb
  4266 | D:5      | Reached skill level 8 in Axes
  4335 | D:5      | Found a runed translucent gate.
  4335 | D:5      | Found a runed translucent gate.
  4337 | D:5      | Found a runed translucent gate.
  4975 | D:6      | Reached XP level 8. HP: 44/71 MP: 5/7
  5235 | D:6      | Reached skill level 9 in Axes
  5282 | D:6      | Noticed a skeletal warrior
  5300 | D:6      | Killed a skeletal warrior
  5301 | D:6      | Reached skill level 10 in Axes
  5634 | D:6      | Found a shimmering altar of Xom.
  5636 | D:6      | Found a shimmering altar of Xom.
  5689 | D:6      | Found a staircase to the Ecumenical Temple.
  5841 | D:6      | Reached skill level 11 in Axes
  5841 | D:6      | Reached XP level 9. HP: 82/82 MP: 8/8
  5884 | D:6      | Noticed a two-headed ogre
  6265 | D:6      | Killed a two-headed ogre
  6266 | D:6      | Reached skill level 12 in Axes
  6271 | D:6      | Reached skill level 5 in Shields
  6321 | D:6      | Reached skill level 1 in Throwing
  6326 | Temple   | Entered the Ecumenical Temple
  7143 | D:7      | Found a stormy altar of Qazlal.
  7483 | D:7      | Found a sacrificial altar of Ru.
  8071 | D:8      | Reached **** piety under Trog
  8071 | D:8      | Noticed Pikel
  8076 | D:8      | Reached skill level 13 in Axes
  8081 | D:8      | Killed Pikel
  8082 | D:8      | Reached XP level 10. HP: 93/93 MP: 6/9
  8266 | D:8      | Reached skill level 10 in Fighting
  8360 | D:8      | Found a staircase to the Lair.
  8366 | D:8      | Reached skill level 5 in Armour
  9148 | D:8      | Found a white marble altar of Elyvilon.
  9262 | Lair:1   | Entered Level 1 of the Lair of Beasts
  9478 | D:1      | Bought a pair of gloves for 117 gold pieces
  9720 | D:8      | Quit the game

Illustrated notes

Levels and vault maps discovered:
D:1:      onia_arrival_mini_spirals, layout_loops_corners, serial_shops, shop,
          minmay_hedge_maze, patterned_corridor
D:2:      layout_loops_ring, basic_altar, grunt_decor_clamped
D:3:      corexii_shack_village, layout_basic, tgw_sif
D:4:      layout_basic
D:5:      layout_basic, gammafunk_ghost_split, minmay_misc_feat_x, uniq_ijyb
D:6:      cheibrodos_barr_body, layout_cave_pools, xom_redecorated,
          minmay_temple_entry_overgrown, minmay_manual_monstrance
D:7:      layout_loops_corners, nicolae_ru_path_of_blood,
          nicolae_qazlal_style_of_elements, chequers_serial_rivers_micro_e,
          minmay_stone_trees_large
D:8:      layout_loops_ring, mainiacjoe_overflow_alcove_1,
          due_lair_maze_entry_diamond, uniq_pikel
Temple:   eino_narrow_crystal_temple
Lair:1:   layout_regular_city

Skill      XL: |  1  2  3  4  5  6  7  8  9 10 |
---------------+-------------------------------+-----
Fighting       | 4 5 6 8 9 10 | 10.3
Axes           | 4 5 7 8 11 13 | 13.8
Armour         | 3 4 5 |  5.1
Dodging        | 3 |  3.0
Shields        | 1 2 3 5 |  5.9
Throwing       | 1 |  1.0

Action                   |  1- 3 |  4- 6 |  7- 9 | 10-12 || total
-------------------------+-------+-------+-------+-------++-------
Melee: Hand axe          |    71 |    28 |       |       ||    99
       Headbutt          |    14 |    15 |    37 |    11 ||    77
       War axe           |       |    29 |   150 |    44 ||   223
       Unarmed           |       |       |     3 |       ||     3
Throw: Throwing net      |       |       |     1 |       ||     1
Invok: Berserk           |     1 |     2 |     6 |     1 ||    10
       Trog's Hand       |       |       |     1 |       ||     1
  Use: Scroll            |     3 |     4 |     6 |     4 ||    17
       Potion            |       |       |     4 |       ||     4
 Stab: Sleeping          |       |     2 |       |       ||     2
Armor: Animal skin       |     5 |       |       |       ||     5
       Leather armour    |     9 |    17 |    24 |     7 ||    57
       Skin              |       |       |     1 |       ||     1
       Plate armour      |       |       |       |     4 ||     4
Dodge: Dodged            |    51 |    47 |    99 |    25 ||   222

Table legend: (Time is in decaauts)
 A = Elapsed time spent in this place.
 B = Non-inter-level travel time spent in this place.
 C = Inter-level travel time spent in this place.
 D = Time resting spent in this place.
 E = Time spent auto-exploring this place.
 F = Levels seen in this place.
 G = Mean time per level.
                   A        B        C        D        E       F      G
               +--------+--------+--------+--------+--------+-----+--------+
         Total |   9830 |   9048 |    782 |    542 |   7148 |  10 |  983.0 |
       Dungeon |   9460 |   8701 |    759 |    542 |   6815 |   8 | 1182.5 |
        Temple |    368 |    345 |     23 |      0 |    333 |   1 |  368.0 |
          Lair |      1 |      1 |      0 |      0 |      0 |   1 |    1.0 |
               +--------+--------+--------+--------+--------+-----+--------+

Top non-repeatable levels by time:
     D:1: 1439 daAuts
     D:5: 1381 daAuts
     D:7: 1376 daAuts
     D:8: 1274 daAuts
     D:6: 1122 daAuts
     D:2: 1029 daAuts
     D:3: 1022 daAuts
     D:4: 813 daAuts
  Temple: 368 daAuts
  Lair:1: 1 daAuts
